 Dungeon Crawl Stone Soup version 0.28-a0-1382-g92835e5c71 (webtiles) character file.

Game seed: 3359120445428731857

78 lavawurm the Chopper (level 4, 28/28 HPs)
             Began as a Gargoyle Berserker on Jan 1, 2022.
             Was a Believer of Trog.
             Quit the game on level 4 of the Dungeon.
             The game lasted 00:05:48 (2844 turns).

lavawurm the Chopper (Gargoyle Berserker)           Turns: 2844, Time: 00:05:49

Health: 28/28      AC:  5    Str: 23    XL:     4   Next: 36%
Magic:  4/4        EV: 11    Int:  7    God:    Trog [**....]
Gold:   53         SH:  0    Dex:  9    Spells: 3/3 levels left

rFire   . . .      SeeInvis .   a - +0 hand axe
rCold   . . .      Faith    .   (no shield)
rNeg    + . .      Spirit   .   b - +0 animal skin
rPois   ∞          Reflect  .   (no helmet)
rElec   +          Harm     .   (no cloak)
rCorr   .          Rampage  .   (no gloves)
Will    .....                   (no boots)
Stlth   +.........              (no amulet)
HPRegen 0.09/turn               (no ring)
MPRegen 0.09/turn               (no ring)

@: no status effects
A: sickness immunity, AC +3, negative energy resistance 1, electricity
resistance, torment resistance 1, petrification resistance
a: Renounce Religion, Berserk, Trog's Hand


You were on level 4 of the Dungeon.
You worshipped Trog.
Trog was pleased with you.
You visited 1 branch of the dungeon, and saw 4 of its levels.

You collected 53 gold pieces.

Inventory:

Hand Weapons
 a - a +0 hand axe (weapon)
Armour
 b - a +0 animal skin (worn)
Scrolls
 d - 2 scrolls of identify {unknown}
 e - 2 scrolls of enchant weapon {unknown}
 f - a scroll of fog {unknown}
 g - a scroll of noise {unknown}
 h - a scroll of amnesia {unknown}
 j - a scroll of teleportation {unknown}
Potions
 c - a potion of curing {unknown}
 i - a potion of attraction {unknown}


   Skills:
 - Level 3.2 Fighting
 * Level 4.6 Axes
 - Level 2.1 Armour
 - Level 1.5 Dodging


You had 3 spell levels left.
You didn't know any spells.
Your spell library was empty.

Dungeon Overview and Level Annotations

Branches:
Dungeon (4/15)
 Temple: D:4-7

Altars:


Innate Abilities, Weirdness & Mutations

You are immune to sickness and miasma.
Your stone body is resilient. (AC +3)
You are immune to poison.
You resist negative energy. (rN+)
You are resistant to electric shocks. (rElec)
You are resistant to unholy torment.
You are immune to petrification.


Message History

The jackal is heavily wounded.
The jackal barely misses you. The jackal closely misses you.
You closely miss the jackal.
The jackal is heavily wounded.
The jackal bites you but does no damage.
You closely miss the jackal.
The jackal is heavily wounded.
The jackal bites you but does no damage. x2
You hit the jackal.
You kill the jackal!
Trog accepts your kill.
You see here a jackal corpse.
You see here an adder corpse.
Found a stone staircase leading down.
A frilled lizard comes into view.
The frilled lizard hisses angrily.
The frilled lizard completely misses you.
You slash the frilled lizard!
You kill the frilled lizard!
Trog accepts your kill.
No target in view!
There is a stone staircase leading down here.
Found 25 stones.
You open the door.
There is an open door here.
Done exploring.
There is a stone staircase leading down here.
You climb downwards.
Found a stone staircase leading down.
There is a stone staircase leading up here.
Press: ? - help, v - describe, . - travel A stone staircase leading down.
There is a stone staircase leading down here.
You climb downwards.
You hear the hiss of flowing sand.
There is an entrance to an ossuary on this level.
Hurry and find it before the portal is buried!
Found a stone staircase leading down.
There is a stone staircase leading up here.
Unknown command.
Are you sure you want to abandon this character and quit the game? (Confirm with "yes".)

### ..# #.#
#.# #@#
.........#
###...>....
#####..##.#
#..# # #..#
#..# #..#


There were no monsters in sight!

Vanquished Creatures
  2 adders (D:2)
  2 worms (D:2)
  A dart slug (D:2)
  2 ball pythons (D:2)
  5 bats
  8 endoplasms
  A giant cockroach (D:1)
  5 goblins
  2 hobgoblins
  2 jackals (D:2)
  6 kobolds
  7 frilled lizards
  6 rats
49 creatures vanquished.

Notes
Turn   | Place    | Note
-------+----------+-------------------------------------------
     0 | D:1      | lavawurm the Gargoyle Berserker began the quest for the
                  | Orb.
     0 | D:1      | Reached XP level 1. HP: 14/14 MP: 1/1
    68 | D:1      | Reached skill level 3 in Axes
   117 | D:1      | Reached XP level 2. HP: 15/19 MP: 2/2
  1191 | D:1      | Reached XP level 3. HP: 16/23 MP: 3/3
  1487 | D:1      | Reached ** piety under Trog
  1885 | D:2      | Reached skill level 4 in Axes
  2068 | D:2      | Found a faded altar of an unknown god.
  2457 | D:2      | Reached XP level 4. HP: 28/28 MP: 4/4
  2844 | D:4      | Quit the game

Illustrated notes

Levels and vault maps discovered:
D:1:      dpeg_arrival_tiny_k, layout_loops_ring
D:2:      layout_basic, shapermc_ecumenical_altar_flowoftime, hex_intersection
D:3:      layout_loops_cross, lemuel_coloured_pillars_altar,
          chequers_serial_rivers_small_a, item_on_display_a
D:4:      layout_loops_ring, kennysheep_slug_shrine, enter_ossuary_5,
          minmay_crystal_water, st_stairs_7

Skill      XL: |  1  2  3 |
---------------+----------+-----
Axes           | 3 4 |  4.6
Fighting       | |  3.2
Armour         | |  2.1
Dodging        | |  1.5

Action                   |  1- 3 |  4- 6 || total
-------------------------+-------+-------++-------
Melee: Hand axe          |   127 |    33 ||   160
Armor: Animal skin       |    50 |    12 ||    62
Dodge: Dodged            |    87 |    15 ||   102

Table legend: (Time is in decaauts)
 A = Elapsed time spent in this place.
 B = Non-inter-level travel time spent in this place.
 C = Inter-level travel time spent in this place.
 D = Time resting spent in this place.
 E = Time spent auto-exploring this place.
 F = Levels seen in this place.
 G = Mean time per level.
                   A        B        C        D        E       F      G
               +--------+--------+--------+--------+--------+-----+--------+
         Total |   2863 |   2770 |     93 |   1156 |   1208 |   4 |  715.8 |
       Dungeon |   2863 |   2770 |     93 |   1156 |   1208 |   4 |  715.8 |
               +--------+--------+--------+--------+--------+-----+--------+

Top non-repeatable levels by time:
     D:1: 1665 daAuts
     D:2: 1193 daAuts
     D:3: 3 daAuts
     D:4: 0 daAuts
